 Dungeon Crawl Stone Soup version 0.31.0 (webtiles) character file.

Game seed: 14606510330320426715

301 olmar the Changeling (level 6, 0/39 HPs)
             Began as a Merfolk Shapeshifter on Jan 19, 2024.
             Slain by an orc
             ... wielding a +0 flail
              (7 damage)
             ... on level 4 of the Dungeon.
             The game lasted 00:04:08 (2076 turns).

olmar the Changeling (Merfolk Shapeshifter)         Turns: 2076, Time: 00:04:09

Health: 0/39       AC:  0    Str: 14    XL:     6   Next: 37%
Magic:  6/6        EV: 17    Int: 12    God:
Gold:   120        SH:  0    Dex: 13    Spells: 5/5 levels left

rFire   . .          .
                       - Unarmed
rCold   . . .        (shield currently unavailable)
rNeg    . . .        a - melded +0 animal skin
rPois   .            (no helmet)
rElec   .            (no cloak)
rCorr   .            (no gloves)
SInv    .            (no boots)
Will    .....        (no amulet)
Stlth   +            (no ring)
HPRegen 0.26/turn    (no ring)
MPRegen 0.10/turn

%: no passive effects
@: flux-form, glowing
A: glow, contaminating, reduced hp, (nimble swimmer 2), mertail
a: Begin Untransformation


You were on level 4 of the Dungeon.
You were something dangerously unstable.
You visited 1 branch of the dungeon, and saw 4 of its levels.

You collected 120 gold pieces.

Inventory:

Missiles
 f - 6 boomerangs (quivered)
Armour
 a - a +0 animal skin (melded)
 n - a +0 cloak
Magical Staves
 h - a staff of death
Talismans
 c - a beast talisman
 d - a flux talisman (active)
Wands
 p - a wand of mindburst (2)
Scrolls
 g - a scroll of poison {unknown}
 i - a scroll of identify {unknown}
 j - a scroll of fog {unknown}
 k - a scroll of teleportation {unknown}
 m - a scroll of vulnerability {unknown}
 o - a scroll of fear {unknown}
Potions
 b - a potion of heal wounds {unknown}
 l - a potion of attraction {unknown}


   Skills:
 + Level 1.6 Fighting
 + Level 3.8 Dodging
 + Level 5.7 Unarmed Combat
 * Level 6.0 Shapeshifting


You had 5 spell levels left.
You didn't know any spells.
Your spell library was empty.

Dungeon Overview and Level Annotations

Branches:
Dungeon (4/15)
 Temple: D:4-7

Altars:

Shops:
D:2 (   D:3 (

Annotations:
D:2 Sigmund
D:3 2 transporters, WalktheLine's ghost, novice MiFi


Innate Abilities, Weirdness & Mutations

You are something dangerously unstable.
You glow with magical radiation, making you easy to see and hit.
Foes you strike become dangerously contaminated with magical radiation.
Your maximum health is decreased, since you lack skill for your form.
You are incapable of wielding weapons or throwing items.
((You are very nimble when in or above water. (Stealth+, EV+, Speed+++)))
Your lower body shifts to a powerful aquatic tail in water.


Message History

The orc wizard is heavily wounded.
The orc stops glowing.
The orc completely misses you.
The orc wizard hits you with a +0 dagger.
* * * LOW HITPOINT WARNING * * *
The orc closely misses you. The orc hits you with a +0 flail.
* * * LOW HITPOINT WARNING * * *
You feel better. The orc completely misses you.
The orc wizard barely misses you. The orc hits you with a +0 hand axe.
The orc hits you with a +0 flail.
* * * LOW HITPOINT WARNING * * *
Unknown command.
You hit the orc wizard.
The orc wizard shudders as magic cascades through it.
You kill the orc wizard!
Reactivating autopickup.
The orc completely misses you. The orc closely misses you. The orc misses you.
Unknown command.
You hit the orc but do no damage.
The orc glows dangerously bright.
The orc is lightly wounded.
The orc completely misses you. The orc barely misses you. The orc misses you.
Unknown command.
You hit the orc but do no damage.
The orc shudders as magic cascades through it!
You kill the orc!
The orc barely misses you. The orc misses you.
Unknown command.
You hit the orc but do no damage.
The orc begins to glow.
The orc misses you. The orc barely misses you.
Unknown command.
You hit the orc.
The orc glows dangerously bright.
The orc is heavily wounded.
The orc hits you with a +0 flail.
* * * LOW HITPOINT WARNING * * *
The orc misses you.
Unknown command.
You hit the orc.
The orc shudders as magic cascades through it.
You kill the orc!
The orc hits you with a +0 flail!
You die...

.................###..
............J>...#
.......#.........#
.......#.........#
.......#.........#
....#..>#######
........#######
........†...).#####.#
....#...##..)po.....#
.........####))......
#####...†h# ....####.
#..........###
#.###......# #.
......... #> .......##
.......# ##.#....#


You could see an orc.

Vanquished Creatures
  A scorpion (D:3)
  A howler monkey (D:4)
  An orc priest (D:3)
  A hound (D:4)
  An orc wizard (D:4)
  2 gnolls (D:1)
  4 adders
  4 dart slugs
  5 orcs
  6 bats
  5 endoplasms
  A giant cockroach (D:1)
  5 goblins
  6 hobgoblins
  6 kobolds
  3 quokkas (D:4)
  4 ball pythons
  3 frilled lizards
  3 rats (D:1)
62 creatures vanquished.

Notes
Turn   | Place    | Note
-------+----------+-------------------------------------------
     0 | D:1      | olmar the Merfolk Shapeshifter began the quest for the Orb.
     0 | D:1      | Reached XP level 1. HP: 15/15 MP: 1/1
   191 | D:1      | Reached XP level 2. HP: 13/21 MP: 2/2
   280 | D:1      | Reached XP level 3. HP: 12/26 MP: 3/3
   686 | D:2      | Found Cybuf's Weapon Boutique.
   855 | D:2      | Noticed Sigmund
   924 | D:3      | Reached skill level 5 in Shapeshifting
   924 | D:3      | Reached XP level 4. HP: 25/32 MP: 4/4
  1099 | D:3      | Found Iblavur's Antique Weapon Shop.
  1125 | D:3      | Noticed a scorpion
  1139 | D:3      | Killed a scorpion
  1140 | D:3      | Reached XP level 5. HP: 21/37 MP: 5/5
  1226 | D:3      | Noticed a small abomination
  1227 | D:3      | Found a transporter.
  1249 | D:3      | Noticed a kobold brigand
  1260 | D:3      | Found a transporter.
  1283 | D:3      | Noticed WalktheLine's ghost (novice MiFi)
  1390 | D:3      | Reached skill level 5 in Unarmed Combat
  1951 | D:4      | Reached XP level 6. HP: 27/43 MP: 6/6
  1964 | D:4      | Reached skill level 6 in Shapeshifting
  2076 | D:4      | Slain by an orc

Illustrated notes

Levels and vault maps discovered:
D:1:      dpeg_chamrin_arrival_tetris, layout_basic
D:2:      layout_basic, serial_shops, nicolae_shop_tiny_statue_garden,
          serial_rivers, chequers_serial_rivers_large_b,
          chequers_serial_rivers_micro_e, chequers_serial_rivers_small_3,
          chequers_serial_rivers_marsh, serial_bayou_pond_c, dk_noncrumbling_4,
          chequers_mini_garden, nrook_campfire, uniq_sigmund
D:3:      cheibrodos_pilgrimage, layout_loops_ring,
          gammafunk_ghost_abyssal_escape, serial_shops, shop
D:4:      layout_rooms, hangedman_minor_gate_pass

Skill      XL: |  1  2  3  4  5  6 |
---------------+-------------------+-----
Unarmed Combat | 4 5 |  5.7
Dodging        | 3 |  3.8
Shapeshifting  | 5 6 |  6.0
Fighting       | |  1.6

Action                     |  1- 3 |  4- 6 || total
---------------------------+-------+-------++-------
  Melee: Unarmed           |    78 |   106 ||   184
         Punch             |     3 |     3 ||     6
  Throw: Boomerang         |       |     6 ||     6
    Use: Potion            |     1 |     2 ||     3
   Stab: Sleeping          |       |     2 ||     2
 Armour: Animal skin       |    32 |    47 ||    79
         Skin              |    21 |    13 ||    34
  Dodge: Dodged            |    28 |    60 ||    88
   Form: Flux              |       |     1 ||     1
